 Dungeon Crawl Stone Soup version 0.18-a0-1159-gf481d65 (webtiles) character file.

14835 stonewall the Cleaver (level 11, 0/84 HPs)
             Began as a Mummy Berserker on Jan 24, 2016.
             Was a High Priest of Trog.
             Slain by a minotaur
             ... wielding an uncursed staff of fire
              (16 damage)
             ... in a labyrinth.
             The game lasted 00:25:27 (17665 turns).

stonewall the Cleaver (Mummy Berserker)            Turns: 17665, Time: 00:25:27

Health: 0/84       AC: 26    Str: 23    XL:     11   Next: 93%
Magic:  11/11      EV:  7    Int:  7    God:    Trog [*****.]
Gold:   734        SH:  0    Dex: 12    Spells: 0 memorised, 10 levels left

rFire  x . .     SeeInvis .     G - +2 battleaxe (freeze)
rCold  + + .     Gourm    .     p - +2 plate armour {MR+}
rNeg   + + +     Faith    +     (shield currently unavailable)
rPois  ∞         Spirit   .     w - +2 helmet
rElec  .         Dismiss  .     o - +2 cloak
rCorr  .         Reflect  .     r - +1 pair of gloves
SustAt .         Harm     .     z - +0 pair of boots
MR     ++...                    I - amulet of faith
Stlth  ..........               (no ring)
                                u - ring of protection from cold

@: very resistant to hostile enchantments, extremely unstealthy
A: no food or potions, fire vulnerability, cold resistance 1, negative energy
resistance 3, torment resistance, unbreathing
a: Trog's Hand, Brothers in Arms, Burn Spellbooks, Renounce Religion


You were in a labyrinth.
You worshipped Trog.
Trog was extremely pleased with you.
You were not hungry.

You visited 2 branches of the dungeon, and saw 12 of its levels.
You also visited: Labyrinth.

You collected 734 gold pieces.

Inventory:

Hand Weapons
 a - a +1 hand axe
 f - a +0 battleaxe
 y - a +6 antimagic broad axe
 E - a +1 battleaxe
 G - a +2 battleaxe of freezing (weapon)
 H - a +5 executioner's axe of chopping
Missiles
 A - 16 javelins (quivered)
Armour
 b - a +0 animal skin
 g - a +1 pair of boots
 h - a +0 cloak
 j - a +0 plate armour
 k - a cursed +0 cloak
 l - a +0 helmet
 o - a +2 cloak (worn)
 p - a +2 plate armour of magic resistance (worn)
 r - a +1 pair of gloves (worn)
 s - a +0 scale mail
 w - a +2 helmet (worn)
 z - a +0 pair of boots (worn)
Jewellery
 d - an uncursed amulet of the gourmand
 u - a ring of protection from cold (left hand)
 I - an amulet of faith (around neck)
Wands
 i - a wand of flame (12/48)
 n - a wand of teleportation (1/9)
 t - a wand of lightning (0/15)
 v - a wand of disintegration (6/24)
 x - a wand of digging (9/24)
 D - a wand of fireball (0/15)
 J - a wand of confusion (21/48)
Scrolls
 c - 4 scrolls of remove curse
 e - 5 scrolls of identify
 m - 4 scrolls of enchant armour
 q - 2 scrolls of noise
 B - a scroll of enchant weapon
 C - 4 scrolls of recharging
Miscellaneous
 F - a lantern of shadows


   Skills:
 - Level 7.1 Fighting
 - Level 13.0 Axes
 + Level 8.4 Armour
 - Level 2.0 Dodging


You had 10 spell levels left.
You didn't know any spells.

Dungeon Overview and Level Annotations

Branches:
Dungeon (11/15)            Temple (0/1) D:6            Lair (1/8) D:11
    Orc (0/2) D:10

Altars:
Dithmenos
Fedhas
Makhleb
Okawaru
Qazlal
Ru
Sif Muna
Xom

Annotations:
D:4 RedPan's ghost, amateur DrCj
D:6 exclusion: downstairs
D:8 exclusion: upstairs


Innate Abilities, Weirdness & Mutations

You do not eat or drink.
Your flesh is vulnerable to fire.
You are immune to poison.
Your flesh is cold resistant.
You are immune to negative energy.
You are immune to unholy pain and torment.
You can survive without breathing.


Message History

The minotaur burns you!
* * * LOW HITPOINT WARNING * * *
The minotaur gores you but does no damage.
You barely miss the minotaur.
The minotaur is heavily wounded.
The minotaur hits you but does no damage.
The minotaur gores you but does no damage.
You barely miss the minotaur.
The minotaur furiously retaliates!
The minotaur headbutts you!
* * * LOW HITPOINT WARNING * * *
The minotaur is heavily wounded.
The minotaur hits you with a staff of fire.
* * * LOW HITPOINT WARNING * * *
The minotaur burns you!
* * * LOW HITPOINT WARNING * * *
The minotaur gores you.
* * * LOW HITPOINT WARNING * * *
Your ogre goes berserk!
The minotaur hits you with a staff of fire!
You die...

#.# # ..#.#.#.#
# ...... ... #..
# # ###### ## #
.# .#.# .. # ..#
# ## #.# .## .
#.. #..#.# #..#
###. .####.##.#
#..# # ..
#.......@.# #
... .
####.#.#######H#
..#. #.... .#
#O# .. .# #.##.#
# #.# #.. ## #
#..#... #.. #..
.. . #.. ####
### # ## ## #..#
# .. . #.#. #
##### ####.# #
#. . . .. . . .#


You could see a minotaur and a friendly ogre (berserk).

Vanquished Creatures
  A centaur warrior (D:8)
  2 hill giants
  2 black mambas (Lair:1)
  A manticore (D:11)
  A spiny frog (Lair:1)
  Prince Ribbit (D:9)
  8 yaks
  2 shadows
  A hog (D:8)
  A human (D:8)
  3 hungry ghosts
  A steam dragon (D:10)
  2 hippogriffs
  3 wargs (D:10)
  A soldier ant (D:10)
  2 water moccasins
  A black bear (D:6)
  3 ice beasts
  4 sky beasts
  11 orc warriors
  2 eyes of draining
  2 necrophages
  4 centaurs
  3 phantoms
  9 ogres
  9 giant frogs
  2 big kobolds
  A wyvern zombie (D:9)
  3 scorpions
  15 killer bees
  4 jellies
  17 wights
  5 electric eels (D:9)
  A giant frog zombie (D:6)
  5 hounds
  A quasit (D:6)
  9 orc priests
  A giant frog skeleton (D:6)
  7 iguanas
  14 orc wizards
  12 worker ants
  2 sheep (D:8)
  A killer bee zombie (D:11)
  A hound zombie (D:7)
  2 hound skeletons (D:10)
  4 worker ant zombies
  7 gnolls
  11 adders
  2 shadow imps
  2 oozes
  An adder zombie (D:8)
  An adder skeleton (D:4)
  5 worms
  5 giant geckos
  68 orcs
  A ball python (D:5)
  18 bats
  7 giant cockroaches
  11 goblins
  10 hobgoblins
  14 jackals
  4 quokkas
  A giant cockroach zombie (D:5)
  A giant gecko skeleton (D:3)
  A giant gecko zombie (D:5)
  10 giant newts
  A jackal skeleton (D:5)
  12 kobolds
  9 rats
389 creatures vanquished.

Vanquished Creatures (collateral kills)
  A hydra (D:11)
  2 sky beasts (D:5)
  5 killer bees (D:11)
  A worker ant (D:5)
  3 gnolls (D:5)
12 creatures vanquished.

Vanquished Creatures (others)
  A sky beast (D:8)
  A giant frog skeleton (D:9)
2 creatures vanquished.

Grand Total: 403 creatures vanquished

Notes
Turn   | Place    | Note
--------------------------------------------------------------
     0 | D:1      | stonewall the Mummy Berserker began the quest for the Orb.
     0 | D:1      | Reached XP level 1. HP: 18/18 MP: 1/1
   259 | D:1      | Reached XP level 2. HP: 9/24 MP: 2/2
   861 | D:1      | Reached ** piety under Trog
   957 | D:2      | Reached XP level 3. HP: 29/29 MP: 3/3
  1420 | D:2      | Reached XP level 4. HP: 17/37 MP: 4/4
  1628 | D:2      | Reached skill level 4 in Fighting
  2301 | D:2      | Reached *** piety under Trog
  2301 | D:2      | Reached XP level 5. HP: 41/43 MP: 5/5
  2430 | D:3      | Noticed a phantom
  2447 | D:3      | Killed a phantom
  2736 | D:3      | Reached skill level 5 in Fighting
  2736 | D:3      | Reached XP level 6. HP: 41/51 MP: 6/6
  3171 | D:3      | Reached **** piety under Trog
  3387 | D:4      | Noticed RedPan's ghost (amateur DrCj)
  3390 | D:5      | Entered Level 5 of the Dungeon
  3687 | D:5      | Noticed a sky beast
  3716 | D:5      | Killed a sky beast
  4016 | D:4      | Reached XP level 7. HP: 51/57 MP: 7/7
  4063 | D:4      | Reached skill level 6 in Fighting
  4485 | D:4      | Reached skill level 5 in Axes
  5478 | D:5      | Found a sacrificial altar of Ru.
  5970 | D:5      | Reached skill level 7 in Fighting
  6237 | D:6      | Found a staircase to the Ecumenical Temple.
  6255 | D:6      | Reached XP level 8. HP: 60/67 MP: 8/8
  7114 | D:6      | Found a blossoming altar of Fedhas.
  7251 | D:6      | Found a stormy altar of Qazlal.
  7303 | D:6      | Found a shimmering altar of Xom.
  7614 | D:6      | Found a blossoming altar of Fedhas.
  7641 | D:6      | Found a shadowy altar of Dithmenos.
  8050 | D:6      | Reached skill level 8 in Axes
  8483 | D:7      | Reached XP level 9. HP: 69/72 MP: 9/9
  8568 | D:7      | Reached ***** piety under Trog
  8864 | D:8      | Reached skill level 9 in Axes
  9398 | D:8      | Reached skill level 10 in Axes
  9875 | D:8      | Reached skill level 11 in Axes
  9875 | D:8      | Reached XP level 10. HP: 79/79 MP: 10/10
 10439 | D:8      | Found an iron altar of Okawaru.
 11097 | D:7      | Found a deep blue altar of Sif Muna.
 11533 | D:9      | Noticed Prince Ribbit
 11548 | D:9      | Killed Prince Ribbit
 11548 | D:9      | Reached skill level 12 in Axes
 12157 | D:9      | Found a burning altar of Makhleb.
 12443 | D:8      | Noticed a centaur warrior
 12453 | D:8      | Killed a centaur warrior
 13264 | D:9      | Reached skill level 13 in Axes
 13300 | D:10     | Entered Level 10 of the Dungeon
 13308 | D:10     | Reached XP level 11. HP: 84/84 MP: 6/11
 13347 | D:10     | Noticed a hill giant
 13365 | D:10     | Killed a hill giant
 13365 | D:10     | Received a gift from Trog
 14318 | D:10     | Found a staircase to the Orcish Mines.
 14737 | D:11     | Reached skill level 5 in Armour
 14870 | D:11     | Noticed a hill giant
 14876 | D:11     | Reached ****** piety under Trog
 14881 | D:11     | Killed a hill giant
 15240 | D:11     | Found a staircase to the Lair.
 15603 | D:11     | Noticed a six-headed hydra
 15888 | D:11     | Killed a seven-headed hydra
 15917 | D:11     | Received a gift from Trog
 16880 | Lair:1   | Entered Level 1 of the Lair of Beasts
 16995 | Lair:1   | Found a labyrinth entrance.
 17005 | Lab      | Entered a labyrinth
 17656 | Lab      | Noticed a minotaur
 17665 | Lab      | Slain by a minotaur

Vault maps used:
D:1:      dpeg_arrival_short_road, minmay_misc_feat_four_crosses,
          nrook_loot_triangle, st_stairs_13, minmay_misc_feat_square
D:2:      first_bread, grunt_ministairs_10
D:3:      nrook_mini_vaults, kennysheep_path_1
D:5:      nicolae_ru_great_annihilating_truth, nrook_mini_backslash,
          minivault_26
D:6:      nicolae_overflow_quartered_altars, minmay_temple_entry_purple_smoke,
          basic_altar, minmay_crossroads
D:7:      marbit_many_paths
D:8:      minmay_quarter_circles, lemuel_round_altar, grunt_livestock,
          minmay_strange_pillars
D:9:      kennysheep_little_box, uniq_prince_ribbit1
D:10:     minmay_orc_entry_guard_dogs
D:11:     lair_0_dummy, special_room
Lair:1:   lab_entry_generic, ldierk_geyser
Lab:      labyrinth_mini_lab, labyrinth_lava_lair

Action                   |  1- 3 |  4- 6 |  7- 9 | 10-12 || total
-------------------------+-------+-------+-------+-------++-------
Melee: Hand axe          |   111 |   312 |   328 |       ||   751
       Battleaxe         |       |       |   324 |   724 ||  1048
       Broad axe         |       |       |       |    19 ||    19
       Executioner's axe |       |       |       |    16 ||    16
Invok: Brothers in Arms  |       |     1 |     1 |     2 ||     4
       Trog's Hand       |       |       |       |     1 ||     1
Evoke: Wand              |       |       |    11 |     7 ||    18
  Use: Scroll            |       |       |    15 |     6 ||    21
 Stab: Paralysed         |       |       |     2 |       ||     2
